 Dungeon Crawl Stone Soup version 0.29.1 (webtiles) character file.

Game seed: 5859537237275097742

667 qw the Cleaver (level 7, -4/60 HPs)
             Began as a Minotaur Berserker on Sept 13, 2022.
             Was a Believer of Trog.
             Shot with an arrow by a centaur (11 damage)
             ... on level 5 of the Dungeon.
             The game lasted 00:02:21 (6455 turns).

qw the Cleaver (Minotaur Berserker)                 Turns: 6455, Time: 00:02:22

Health: -4/60      AC: 15    Str: 23    XL:     7   Next: 31%
Magic:  6/6        EV:  8    Int:  4    God:    Trog [**....]
Gold:   171        SH:  0    Dex: 10    Spells: 6/6 levels left

rFire   . . .      SeeInvis .   d - +0 war axe
rCold   . . .      Faith    .   (no shield)
rNeg    + . .      Spirit   .   q - +0 chain mail
rPois   +          Reflect  .   (helmet restricted)
rElec   .          Harm     .   a - +0 cloak {rPois}
rCorr   .          Rampage  .   h - +0 pair of gloves
Will    .....                   f - +2 pair of boots
Stlth   ..........              c - amulet of regeneration
HPRegen 1.00/turn               m - ring of positive energy
MPRegen 0.10/turn               (no ring)

@: about to teleport, on berserk cooldown, slowed, very slow
A: horns 2, retaliatory headbutt
a: Renounce Religion, Berserk, Trog's Hand


You were on level 5 of the Dungeon.
You worshipped Trog.
Trog was pleased with you.
You visited 1 branch of the dungeon, and saw 5 of its levels.

You collected 171 gold pieces.


Innate Abilities, Weirdness & Mutations

You have a pair of horns on your head.
You reflexively headbutt those who attack you in melee.


   Skills:
 + Level 4.8 Fighting
 - Level 9.0 Axes
 - Level 4.4 Armour
 - Level 2.1 Dodging


You had 6 spell levels left.
You didn't know any spells.
Your spell library was empty.

Inventory:

Hand Weapons
 b - a +0 flail of draining
 d - a +0 war axe (weapon)
Armour
 a - a +0 cloak of poison resistance (worn)
 f - a +2 pair of boots (worn)
 h - a +0 pair of gloves (worn)
 q - a +0 chain mail (worn)
Jewellery
 c - an amulet of regeneration (around neck)
 m - a ring of positive energy (left hand)
Scrolls
 k - 2 scrolls of identify
 o - 2 scrolls of teleportation
Potions
 e - a potion of mutation {unknown}
 g - a potion of resistance
 i - a potion of haste {unknown}
 j - 6 potions of curing
 l - 3 potions of degeneration {unknown}
 n - a potion of heal wounds
 p - 2 potions of flight {unknown}

Dungeon Overview and Level Annotations

Branches:
Dungeon (5/15)
 Temple: D:4-7

Altars:
Ashenzari
Gozag
Nemelex Xobeh
Okawaru
Yredelemnul

Shops:
D:5 =

Annotations:
D:2 1 runed translucent door, Crazy Yiuf


Message History

You see here a +0 spear.
You see here a +0 spear.
The centaur shouts!
The centaur wields a +4 shortbow.
The centaur shoots an arrow.
The arrow hits you but does no damage.
The centaur shoots an arrow.
The arrow hits you.
HP restored.
The centaur shoots an arrow.
The arrow completely misses you.
The centaur shoots an arrow.
The arrow hits you but does no damage.
The centaur shoots an arrow.
The arrow hits you.
The centaur shoots an arrow.
The arrow barely misses you.
The centaur shoots an arrow.
The arrow hits you!
The centaur shoots an arrow.
The arrow hits you!
The centaur shoots an arrow.
The arrow hits you.
The centaur shoots an arrow.
The arrow hits you.
The centaur shoots an arrow.
The arrow barely misses you.
The centaur shoots an arrow.
The arrow hits you.
The centaur shoots an arrow.
The arrow hits you but does no damage.
The centaur shoots an arrow.
The arrow closely misses you.
The centaur shoots an arrow.
The arrow hits you!
The centaur shoots an arrow.
The arrow hits you!
6450 ||| INVOKING Berserk.
A red film seems to cover your vision as you go berserk!
You feel yourself moving faster!
You feel mighty!
The centaur shoots an arrow.
The arrow hits you but does no damage.
You start resting.
You feel a strong urge to attack something.
The centaur shoots an arrow.
The arrow closely misses you.
You start resting.
You feel your anger nearly subside.
The centaur shoots an arrow.
The arrow hits you.
You start resting.
You are no longer berserk.
You are exhausted.
You feel yourself slow down.
The centaur shoots an arrow.
The arrow hits you!
6455 ||| READING 3 scrolls of teleportation.
As you read the scroll of teleportation, it crumbles to dust.
You feel strangely unstable.
The centaur shoots an arrow.
The arrow hits you!
You die...

###### ##....## #......# #......
##### ##...~~####...##
#....~c...P....##
#....~~####.....# ## #...@...#
#####.####.
#############..[....### #.##...
...........##.[.......# #....#.
.........#.###.....##.### #.####.
..P........# #.....##...###.# #.
_.P..##..#.# #.......##..#..## ##
..P..##....###....#........).####
PPP..##.....##....##..........##.
.....##...#.##....######..#......


You could see a centaur.

Vanquished Creatures
  Eustachio (D:4)
  Edmund (D:4)
  A scorpion (D:5)
  A gnoll bouda (D:3)
  A jelly (D:5)
  3 iguanas
  9 gnolls
  4 adders
  2 adder zombies (D:4)
  2 worms
  3 dart slugs
  11 orcs
  4 ball pythons
  4 bats
  5 endoplasms
  4 giant cockroaches
  5 goblins
  6 hobgoblins
  7 jackals
  9 kobolds
  6 quokkas
  4 frilled lizards
  3 rats
96 creatures vanquished.

Vanquished Creatures (others)
  A bush (D:5)
1 creature vanquished.

Grand Total: 97 creatures vanquished

Notes
Turn   | Place    | Note
-------+----------+-------------------------------------------
     0 | D:1      | qw the Minotaur Berserker began the quest for the Orb.
     0 | D:1      | Reached XP level 1. HP: 19/19 MP: 0/0
     0 | D:1      | 0 ||| qw: Version: 0.1-a-119-g272c26d
     0 | D:1      | 0 ||| qw: Game counter: 11279
     0 | D:1      | 0 ||| qw: Always use a shield: true
     0 | D:1      | 0 ||| qw: Do Orc after D:15 true
     0 | D:1      | 0 ||| qw: Do second Lair branch before Depths: true
     0 | D:1      | 0 ||| qw: Lair rune preference: random
     0 | D:1      | 0 ||| qw: Plans: Normal
     0 | D:1      | 0 ||| PLANNING D:1-11
   143 | D:1      | Reached skill level 4 in Axes
   233 | D:1      | Reached XP level 2. HP: 20/26 MP: 1/1
   355 | D:1      | Found a faded altar of an unknown god.
   510 | D:1      | 510 ||| Stepping ~*~*~tactically~*~*~ (stealth).
   859 | D:1      | Reached skill level 5 in Axes
   941 | D:1      | 941 ||| DROPPING +0 club.
  1019 | D:1      | 1019 ||| UPGRADING to +2 pair of boots.
  1024 | D:1      | 1024 ||| UPGRADING to +0 ring mail.
  1034 | D:1      | 1034 ||| DROPPING +0 animal skin.
  1035 | D:1      | 1035 ||| READING scroll labelled VOUTUPHOZO.
  1036 | D:1      | 1036 ||| READING scroll labelled ZEP FIMPUERGH.
  1037 | D:1      | 1037 ||| READING scroll labelled ICOEPT LEASU.
  1042 | D:1      | 1042 ||| READING scroll labelled XUNOHOMIHU.
  1042 | D:1      | Identified a scroll of acquirement
  1042 | D:1      | 1042 ||| ACQUIRING +0 cloak of poison resistance
  1042 | D:1      | Acquired a +0 cloak of poison resistance
  1044 | D:1      | 1044 ||| UPGRADING to +0 cloak of poison resistance.
  1049 | D:1      | 1049 ||| READING scroll labelled ISUTAG DEGH.
  1050 | D:1      | 1050 ||| READING 2 scrolls labelled QUUCWE JEUDED.
  1070 | D:2      | 1070 ||| STAIRDANCE
  1139 | D:2      | 1139 ||| Stepping ~*~*~tactically~*~*~ (hiding).
  1144 | D:2      | Reached ** piety under Trog
  1145 | D:2      | Reached XP level 3. HP: 31/31 MP: 2/2
  1285 | D:2      | 1285 ||| Stepping ~*~*~tactically~*~*~ (stealth).
  1286 | D:2      | 1286 ||| Stepping ~*~*~tactically~*~*~ (stealth).
  1292 | D:2      | 1292 ||| Stepping ~*~*~tactically~*~*~ (stealth).
  1293 | D:2      | 1293 ||| Stepping ~*~*~tactically~*~*~ (stealth).
  1453 | D:2      | 1453 ||| Stepping ~*~*~tactically~*~*~ (stealth).
  2070 | D:2      | Found a runed translucent door.
  2071 | D:2      | Noticed Crazy Yiuf
  2147 | D:2      | 2147 ||| UPGRADING to +0 pair of gloves.
  2152 | D:2      | 2152 ||| READING scroll labelled GOYTAE ITURU.
  2153 | D:2      | 2153 ||| READING scroll labelled JIRRAOK FIPTI.
  2154 | D:2      | 2154 ||| READING 2 scrolls labelled EGA TE GARIGERGH.
  2155 | D:2      | 2155 ||| DRINKING 3 clear potions.
  2156 | D:2      | 2156 ||| READING 3 scrolls of identify.
  2156 | D:2      | 2156 ||| IDENTIFYING pink potion
  2157 | D:2      | 2157 ||| READING 2 scrolls of identify.
  2157 | D:2      | 2157 ||| IDENTIFYING sedimented sapphire potion
  2158 | D:2      | 2158 ||| DROPPING potion of attraction.
  2159 | D:2      | 2159 ||| DROPPING scroll of noise.
  2202 | D:3      | Found an opulent altar of Gozag.
  2372 | D:3      | Identified the +2 leather armour "Geskajoacao" {rPois}
  2719 | D:3      | Reached XP level 4. HP: 31/39 MP: 3/3
  2722 | D:3      | Reached skill level 6 in Axes
  2776 | D:3      | 2776 ||| DROPPING +0 whip.
  2789 | D:3      | 2789 ||| Stepping ~*~*~tactically~*~*~ (hiding).
  2796 | D:3      | 2796 ||| INVOKING Berserk.
  2797 | D:3      | 2797 ||| INVOKING Berserk.
  2810 | D:3      | Reached skill level 7 in Axes
  2810 | D:3      | Reached XP level 5. HP: 45/45 MP: 4/4
  2812 | D:3      | 2812 ||| Stepping ~*~*~tactically~*~*~ (stealth).
  2813 | D:3      | 2813 ||| FLEEEEING.
  2814 | D:3      | 2814 ||| FLEEEEING.
  2815 | D:3      | 2815 ||| FLEEEEING.
  2816 | D:3      | 2816 ||| FLEEEEING.
  2817 | D:3      | 2817 ||| FLEEEEING.
  2818 | D:3      | 2818 ||| FLEEEEING.
  2819 | D:3      | 2819 ||| FLEEEEING.
  2820 | D:3      | 2820 ||| FLEEEEING.
  2821 | D:3      | 2821 ||| FLEEEEING.
  2822 | D:3      | 2822 ||| FLEEEEING.
  2823 | D:3      | 2823 ||| FLEEEEING.
  2824 | D:3      | 2824 ||| FLEEEEING.
  2825 | D:3      | 2825 ||| FLEEEEING.
  2826 | D:3      | 2826 ||| FLEEEEING.
  2827 | D:3      | 2827 ||| FLEEEEING.
  2828 | D:3      | 2828 ||| FLEEEEING.
  2841 | D:3      | 2841 ||| FLEEEEING.
  2842 | D:3      | 2842 ||| FLEEEEING.
  2843 | D:3      | 2843 ||| FLEEEEING.
  2945 | D:3      | 2945 ||| INVOKING Berserk.
  3084 | D:3      | 3084 ||| INVOKING Berserk.
  3264 | D:3      | 3264 ||| Stepping ~*~*~tactically~*~*~ (hiding).
  3265 | D:3      | 3265 ||| Stepping ~*~*~tactically~*~*~ (hiding).
  3360 | D:3      | 3360 ||| DROPPING +2 leather armour "Geskajoacao" {rPois}.
  3361 | D:3      | 3361 ||| UPGRADING to +0 chain mail.
  3371 | D:3      | 3371 ||| DROPPING +0 ring mail.
  3372 | D:3      | 3372 ||| UPGRADING to ring of positive energy.
  3373 | D:3      | 3373 ||| READING scroll labelled AFACWI HUACRA.
  3499 | D:3      | 3499 ||| READING 2 scrolls of identify.
  3499 | D:3      | 3499 ||| IDENTIFYING metallic blue potion
  3500 | D:3      | 3500 ||| DROPPING potion of berserk rage.
  3507 | D:4      | Noticed Edmund
  3508 | D:4      | 3508 ||| Stepping ~*~*~tactically~*~*~ (stealth).
  3510 | D:4      | 3510 ||| INVOKING Berserk.
  3514 | D:4      | Killed Edmund
  3515 | D:4      | Reached XP level 6. HP: 52/52 MP: 5/5
  3626 | D:4      | 3626 ||| DROPPING +0 flail.
  3716 | D:4      | 3716 ||| Stepping ~*~*~tactically~*~*~ (hiding).
  3832 | D:4      | Noticed Eustachio
  3838 | D:4      | 3838 ||| INVOKING Berserk.
  3845 | D:4      | Killed Eustachio
  3846 | D:4      | Reached skill level 8 in Axes
  4071 | D:4      | 4071 ||| Stepping ~*~*~tactically~*~*~ (hiding).
  4675 | D:4      | Found a basalt altar of Yredelemnul.
  5103 | D:4      | 5103 ||| DROPPING orb of light.
  5104 | D:4      | 5104 ||| UPGRADING to amulet of regeneration.
  5109 | D:4      | 5109 ||| READING scroll labelled BOUDINW ENYB.
  5110 | D:4      | 5110 ||| READING scroll labelled UCILUE BUOHO.
  5111 | D:4      | 5111 ||| DRINKING 3 viscous clear potions.
  5122 | D:5      | Entered Level 5 of the Dungeon
  5126 | D:5      | 5126 ||| STAIRDANCE
  5143 | D:5      | Reached XP level 7. HP: 58/59 MP: 6/6
  5170 | D:5      | Reached skill level 9 in Axes
  5196 | D:5      | Found a sparkling altar of Nemelex Xobeh.
  5246 | D:5      | Found Joasmyn's Jewellery Shop.
  5253 | D:5      | 5253 ||| SWAPPING to +0 war axe.
  5254 | D:5      | 5254 ||| DROPPING +0 hand axe.
  5275 | D:5      | 5275 ||| SHOPLISTING +4 ring of protection (540 gold, have
                  | 171).
  5275 | D:5      | 5275 ||| SHOPLISTING ring of Vulag {Fly rC+ Str+2 Slay+6}
                  | (913 gold, have 171).
  5275 | D:5      | 5275 ||| SHOPLISTING ring of poison resistance (300 gold,
                  | have 171).
  5275 | D:5      | 5275 ||| SHOPLISTING ring of positive energy (300 gold,
                  | have 171).
  5275 | D:5      | 5275 ||| SHOPLISTING ring of protection from fire (375
                  | gold, have 171).
  5315 | D:5      | 5315 ||| FLEEEEING.
  5316 | D:5      | 5316 ||| FLEEEEING.
  5317 | D:5      | 5317 ||| FLEEEEING.
  5318 | D:5      | 5318 ||| FLEEEEING.
  5319 | D:5      | 5319 ||| FLEEEEING.
  5355 | D:5      | 5355 ||| Stepping ~*~*~tactically~*~*~ (stealth).
  5358 | D:5      | Reached *** piety under Trog
  5362 | D:5      | 5362 ||| INVOKING Berserk.
  5560 | D:5      | 5560 ||| FLEEEEING.
  5585 | D:5      | Found a broken altar of Ashenzari.
  5603 | D:5      | Found an iron altar of Okawaru.
  5637 | D:5      | 5637 ||| FLEEEEING.
  5661 | D:5      | 5661 ||| FLEEEEING.
  5662 | D:5      | 5662 ||| FLEEEEING.
  5673 | D:5      | 5673 ||| FLEEEEING.
  5698 | D:5      | 5698 ||| FLEEEEING.
  5707 | D:5      | 5707 ||| FLEEEEING.
  5708 | D:5      | 5708 ||| FLEEEEING.
  5709 | D:5      | 5709 ||| FLEEEEING.
  5729 | D:5      | 5729 ||| FLEEEEING.
  5730 | D:5      | 5730 ||| FLEEEEING.
  5731 | D:5      | 5731 ||| FLEEEEING.
  5743 | D:5      | 5743 ||| FLEEEEING.
  5744 | D:5      | 5744 ||| FLEEEEING.
  5771 | D:5      | 5771 ||| FLEEEEING.
  5795 | D:5      | 5795 ||| FLEEEEING.
  5796 | D:5      | 5796 ||| FLEEEEING.
  5797 | D:5      | 5797 ||| FLEEEEING.
  5840 | D:5      | 5840 ||| FLEEEEING.
  5841 | D:5      | 5841 ||| FLEEEEING.
  5842 | D:5      | 5842 ||| FLEEEEING.
  5869 | D:5      | 5869 ||| FLEEEEING.
  5878 | D:5      | 5878 ||| FLEEEEING.
  5894 | D:5      | 5894 ||| FLEEEEING.
  5910 | D:5      | 5910 ||| FLEEEEING.
  5931 | D:5      | 5931 ||| FLEEEEING.
  5932 | D:5      | 5932 ||| FLEEEEING.
  5933 | D:5      | 5933 ||| FLEEEEING.
  5958 | D:5      | 5958 ||| FLEEEEING.
  5959 | D:5      | 5959 ||| FLEEEEING.
  5983 | D:5      | 5983 ||| FLEEEEING.
  5984 | D:5      | 5984 ||| FLEEEEING.
  6020 | D:5      | 6020 ||| FLEEEEING.
  6021 | D:5      | 6021 ||| FLEEEEING.
  6056 | D:5      | 6056 ||| FLEEEEING.
  6083 | D:5      | 6083 ||| FLEEEEING.
  6084 | D:5      | 6084 ||| FLEEEEING.
  6117 | D:5      | 6117 ||| FLEEEEING.
  6118 | D:5      | 6118 ||| FLEEEEING.
  6119 | D:5      | 6119 ||| FLEEEEING.
  6120 | D:5      | 6120 ||| FLEEEEING.
  6162 | D:5      | HP: 15/60 [centaur/arrow (6)]
  6162 | D:5      | HP: 3/60 [centaur/arrow (12)]
  6163 | D:5      | 6163 ||| READING 4 scrolls of teleportation.
  6164 | D:5      | 6164 ||| DRINKING 3 potions of heal wounds.
  6167 | D:5      | 6167 ||| DRINKING 2 potions of heal wounds.
  6237 | D:5      | 6237 ||| INVOKING Berserk.
  6450 | D:5      | 6450 ||| INVOKING Berserk.
  6454 | D:5      | HP: 5/60 [centaur/arrow (13)]
  6455 | D:5      | 6455 ||| READING 3 scrolls of teleportation.
  6455 | D:5      | Shot with an arrow by a centaur

Levels and vault maps discovered:
D:1:      lightli_arrival_statuegarden, layout_basic,
          shapermc_ecumenical_altar_mp_ritualfount, nicolae_figureground_pulse
D:2:      layout_loops_ring, st_stairs_13, minmay_tromino_i4,
          uniq_crazy_yiuf_cottage
D:3:      layout_basic, grunt_gozag_statues
D:4:      minmay_recursive_quarters, layout_layer_cave,
          lemuel_zombie_altar_yredelemnul, serial_park_tiny_2, uniq_edmund,
          uniq_eustachio
D:5:      layout_rooms, mainiacjoe_overflow_cross_hatched,
          overflow_temple_1_default, mainiacjoe_overflow_chevrons, serial_shops,
          nicolae_shop_waterfront, kb_lookout_dungeons_type

Skill      XL: |  1  2  3  4  5  6  7 |
---------------+----------------------+-----
Axes           | 4 5 7 8 9 |  9.0
Fighting       | 4 |  4.8
Armour         | 4 |  4.4
Dodging        | |  2.1

Action                   |  1- 3 |  4- 6 |  7- 9 || total
-------------------------+-------+-------+-------++-------
Melee: Hand axe          |   107 |    96 |    14 ||   217
       Headbutt          |    10 |    17 |     4 ||    31
       War axe           |       |       |    20 ||    20
Throw: Boomerang         |       |     5 |       ||     5
Invok: Berserk           |       |     5 |     3 ||     8
  Use: Scroll            |    11 |     4 |     2 ||    17
       Potion            |     1 |     1 |     2 ||     4
Armor: Animal skin       |     6 |       |       ||     6
       Ring mail         |    30 |     7 |       ||    37
       Chain mail        |       |    27 |    53 ||    80
Dodge: Dodged            |    48 |    40 |    48 ||   136

Table legend:
 A = Non-vault XP
 B = Vault XP
 C = Vault XP percentage of total XP
 D = Non-vault monster count
 E = Vault monster count
 F = Vault count percentage of total count
                 A         B        C        D         E       F
            +---------+---------+-------+---------+---------+-------
      Total |     592 |     362 |  37.9 |      85 |      11 |  11.5
            +---------+---------+-------+---------+---------+-------
        D:1 |      35 |       0 |   0.0 |      21 |       0 |   0.0
        D:2 |      36 |       7 |  16.3 |      13 |       4 |  23.5
        D:3 |     163 |       0 |   0.0 |      24 |       0 |   0.0
        D:4 |      93 |     355 |  79.2 |      14 |       7 |  33.3
        D:5 |     265 |       0 |   0.0 |      13 |       0 |   0.0
            +---------+---------+-------+---------+---------+-------
